AoeStats
← adjum5275

Black Forest

509447405Analyzed
3v3 RM · 7d ago on Sep 26, 2026· 56m 40s· 6 players
Game mode
Random Map
Map size
Normal (6 player)
Population
200
Speed
Normal
Resources
Standard
Victory
Conquest
Starting age
Dark Age
Ending age
Imperial Age
RankedLock teamsTeams togetherTeam positionsShared explorationLock speedFull tech treeHidden civsTurbo modeCheats
Victory
Defeat
🇨🇴 Ethiopians · Colombia
808
+13
🇺🇸 Persians · United States
794
+14
785
+14
🇺🇸 Goths · United States
747
-14
🇺🇸 Teutons · United States
747
-14
🇺🇸 Khmer · United States
735
-13
xxyvonnederful
5:31 Loom
12:44 Feudal Age
16:18 Castle Age
15:05 Double-Bit Axe
16:53 Horse Collar
18:30 Wheelbarrow
22:25 Heavy Plow
23:05 Gold Mining
23:06 Stone Mining
25:56 Hand Cart
29:48 Imperial Age
27:41 Bow Saw
28:45 Scale Barding Armor
28:52 Forging
28:50 Town Watch
30:05 Cavalier
30:57 Bloodlines
30:48 Husbandry
32:24 Caravan
32:56 Coinage
33:50 Stone Shaft Mining
33:50 Gold Shaft Mining
33:04 Savar
34:12 Chain Barding Armor
34:28 Iron Casting
33:43 Fletching
34:33 Town Patrol
35:24 Conscription
35:41 Hoardings
35:10 Kamandaran
36:42 Plate Barding Armor
37:38 Blast Furnace
38:00 Chemistry
37:12 Masonry
37:23 Ballistics
37:00 Murder Holes
39:35 Citadels
38:51 Elite War Elephant
40:37 Bodkin Arrow
40:40 Guard Tower
41:21 Architecture
40:45 Guard Tower
42:53 Padded Archer Armor
50:02 Light Cavalry
JÄGGERMEISTER |
1:36 Loom
14:33 Feudal Age
21:51 Castle Age
20:26 Double-Bit Axe
20:34 Gold Mining
21:51 Padded Archer Armor
22:33 Horse Collar
24:04 Heavy Plow
27:31 Bow Saw
32:18 Wheelbarrow
34:34 Imperial Age
32:18 Town Watch
33:07 Town Patrol
32:32 Crossbowman
33:18 Thumb Ring
33:56 Leather Archer Armor
33:34 Fletching
34:02 Fortified Wall
34:35 Hand Cart
35:13 Gold Shaft Mining
36:01 Arbalester
36:42 Bodkin Arrow
37:18 Ring Archer Armor
37:52 Chemistry
38:30 Ballistics
38:22 Stone Mining
39:03 Caravan
42:39 Bracer
42:43 Squires
Гроза Крипов
12:56 Feudal Age
14:54 Wheelbarrow
14:04 Horse Collar
14:13 Double-Bit Axe
14:21 Gold Mining
18:13 Stone Mining
22:31 Castle Age
21:27 Padded Archer Armor
21:19 Fletching
23:44 Hand Cart
23:46 Bow Saw
24:58 Heavy Plow
25:38 Stone Shaft Mining
25:09 Crossbowman
25:47 Bodkin Arrow
27:12 Leather Archer Armor
27:07 Squires
29:49 Treadmill Crane
30:30 Ballistics
30:06 Murder Holes
30:23 Fortified Wall
31:47 Caravan
31:58 Thumb Ring
36:14 Imperial Age
34:38 Silk Road
34:34 Forging
34:25 Scale Mail Armor
38:11 Two-Man Saw
38:14 Chemistry
37:38 Conscription
38:20 Masonry
38:14 Bracer
39:25 Ring Archer Armor
40:58 Iron Casting
40:39 Chain Mail Armor
42:43 Blast Furnace
42:23 Pirotechnia
43:06 Plate Mail Armor
42:57 Elite Genoese Crossbowman
45:36 Hoardings
48:59 Crop Rotation
49:07 Architecture
48:05 Arbalester
BeachPortal
0:52 Loom
14:53 Feudal Age
18:05 Double-Bit Axe
21:19 Castle Age
23:05 Wheelbarrow
24:45 Gold Mining
26:18 Town Watch
26:23 Horse Collar
29:46 Town Patrol
35:27 Imperial Age
33:42 Fortified Wall
34:12 Bloodlines
34:45 Heavy Plow
35:01 Bow Saw
36:50 Elite Ballista Elephant
39:39 Chemistry
38:11 Pikeman
39:58 Tusk Swords
41:59 Caravan
43:37 Halberdier
49:06 Forging
48:56 Scale Mail Armor
48:47 Fletching
49:54 Crop Rotation
51:59 Cavalier
adjum5275
0:27 Loom
12:49 Feudal Age
14:32 Feudal Age
19:02 Wheelbarrow
21:26 Castle Age
24:56 Town Watch
26:32 Horse Collar
26:40 Double-Bit Axe
27:25 Hand Cart
27:13 Town Patrol
32:00 Imperial Age
31:29 Forging
31:19 Scale Mail Armor
32:37 Caravan
32:44 Heavy Plow
33:12 Bow Saw
34:13 Iron Casting
33:53 Chain Mail Armor
34:27 Crop Rotation
35:40 Two-Man Saw
34:59 Perfusion
35:21 Conscription
35:35 Chain Mail Armor
35:26 Man-at-Arms
36:07 Squires
35:28 Pikeman
36:49 Anarchy
36:54 Stone Mining
36:57 Gold Mining
38:50 Blast Furnace
40:46 Stone Shaft Mining
40:04 Halberdier
43:56 Chemistry
42:52 Murder Holes
43:14 Elite Huskarl
eliw
0:39 Loom
15:30 Feudal Age
17:11 Wheelbarrow
21:10 Double-Bit Axe
27:36 Castle Age
26:13 Horse Collar
26:56 Gold Mining
26:57 Stone Mining
29:28 Forging
30:29 Hand Cart
30:26 Heavy Plow
31:29 Bow Saw
31:24 Caravan
34:08 Fortified Wall
34:19 Ballistics
36:39 Imperial Age
39:43 Two-Man Saw
39:23 Iron Casting
38:49 Scale Mail Armor
38:40 Fletching
41:39 Blast Furnace
40:28 Arson
40:44 Squires
40:05 Pikeman
41:45 Chain Mail Armor
41:26 Bodkin Arrow
41:56 Conscription
41:02 Elite Teutonic Knight
42:58 Chemistry
42:09 Siege Engineers
42:41 Halberdier
Connection lost

Rejoining the realm…

Still unreachable

The connection could not be restored.

Session expired

The server has moved on; the page needs a fresh start.